 Dungeon Sprint DCSS version 0.19.1 (webtiles) character file.

1333 equalderp2856 the Ripper (level 8, -5/40 HPs)
             Began as a Felid Fighter on Dec 3, 2016.
             Was a Priest of Lugonu.
             Slain by a four-headed hydra (6 damage)
             ... in the Dungeon (Sprint IX: "|||||||||||||||||||||||||||||").
             The game lasted 00:04:45 (2398 turns).

equalderp2856 the Ripper (Felid Fighter)            Turns: 2398, Time: 00:04:45

Health: -5/40      AC:  2    Str: 13    XL:     8   Next: 34%
Magic:  9/9        EV: 27    Int: 10    God:    Lugonu [***...]
Gold:   650        SH:  0    Dex: 16    Spells: 0 memorised, 7 levels left
                                        Lives:  0   Deaths: 2

rFire  . . .     SeeInvis +       - Unarmed
rCold  . . .     Gourm    .     (armour unavailable)
rNeg   . . .     Faith    .     (shield unavailable)
rPois  .         Spirit   .     (helmet unavailable)
rElec  .         Reflect  .     (cloak unavailable)
rCorr  .         Harm     .     (gloves unavailable)
MR     +....     NoTele   +     (boots unavailable)
Stlth  +++++.....               (no amulet)
                                (no ring)
                                (no ring)

@: quick
A: no armour, no weapons or thrown items, stealth, claws 1, fangs 3, see
invisible, carnivore 3, speed 1, shaggy fur 2, slow metabolism 1, sharp paws
a: Bend Space, Banish, Renounce Religion


You were in the Dungeon.
You worshipped Lugonu.
Lugonu was most pleased with you.
You were not hungry.

You visited 1 branch You collected 650 gold pieces.

Inventory:

Jewellery
 c - a +3 ring of strength
 n - a +3 ring of strength
Wands
 d - a wand of iceblast (6/15)
Scrolls
 h - 2 scrolls of blinking
 i - 3 scrolls of remove curse
 j - 2 scrolls of amnesia
Potions
 a - a potion of might
 e - a potion of haste
 f - 4 potions of magic
 g - a potion of berserk rage
 k - a potion of invisibility
 l - a potion of heal wounds
 m - 4 potions of curing
Comestibles
 b - 13 meat rations


   Skills:
 + Level 7.1 Fighting
 + Level 11.4 Dodging
 + Level 9.1 Stealth
 + Level 15.0 Unarmed Combat


You had 7 spell levels left.
You didn't know any spells.

Dungeon Overview and Level Annotations

Branches:
Dungeon (1/1)

Altars:
Cheibriados
Dithmenos
Elyvilon
Fedhas
Gozag
Hepliaklqana
Kikubaaqudgha
Makhleb
Nemelex Xobeh
Okawaru
Qazlal
Ru
Sif Muna
Trog
Uskayaw
Vehumet
Xom
Yredelemnul
Zin
The Shining One
Beogh
Jiyva
Lugonu


Innate Abilities, Weirdness & Mutations

You cannot wear armour.
You are incapable of wielding weapons or throwing items.
Your paws allow you to move quietly. (Stealth)
You have sharp claws.
You have razor-sharp teeth.
You have supernaturally acute eyesight. (SInv)
You are carnivorous and can eat meat at any time.
You cover ground quickly.
You are covered in thick fur. (AC +2)
You have a slow metabolism.
Your sharp claws are effective at attacking unaware monsters.


Message History

There is a glowing silver altar of Zin here.
There is a basalt altar of Yredelemnul here.
There is a shimmering altar of Xom here.
There is a radiant altar of Vehumet here.
There is a hide-covered altar of Uskayaw here.
There is a bloodstained altar of Trog here.
There is a deep blue altar of Sif Muna here.
There is a sacrificial altar of Ru here.
There is a stormy altar of Qazlal here.
There is an iron altar of Okawaru here.
You claw the four-headed hydra! You claw the four-headed hydra.
Your bite misses the four-headed hydra.
The four-headed hydra is heavily wounded.
The four-headed hydra bites you!
* * * LOW HITPOINT WARNING * * *
The four-headed hydra closely misses you.
The four-headed hydra bites you.
* * * LOW HITPOINT WARNING * * *
The four-headed hydra bites you.
You die...

▓.▓
▓_▓
▓.▓
▓_▓
▓.▓
▓_▓
▓.▓
▓_▓
▓o▓.▓
▓_▓
▓$▓.▓
▓9▓
▓o▓.▓
▓_▓
▓$▓)▓
▓D▓
▓$▓.▓
▓@▓
▓$▓.▓
▓_▓
▓o▓.▓
▓_▓
▓.▓.▓
▓_▓
▓)▓)▓
▓_▓
▓.▓.▓
▓_▓
▓.▓.▓
▓_▓
▓.▓.▓
▓_▓
▓.▓.▓
▓_▓


You could see a four-headed hydra and a gargoyle.

Vanquished Creatures
  A centaur warrior (D)
  4 orc warriors (D)
  A sky beast (D)
  An ice beast (D)
  An ogre (D)
  2 bullfrogs (D)
  4 orc priests (D)
  An iguana (D)
  2 orc wizards (D)
  A worker ant (D)
  An adder (D)
  A worm (D)
  A dart slug (D)
  8 orcs (D)
  2 bats (D)
  A goblin (D)
  A hobgoblin (D)
  A kobold (D)
  A quokka zombie (D)
35 creatures vanquished.

Notes
Turn   | Place    | Note
-------+----------+-------------------------------------------
     0 | D        | equalderp2856 the Felid Fighter began the quest for the Orb.
     0 | D        | Reached XP level 1. HP: 10/10 MP: 2/2
    72 | D        | Noticed an ice beast
    72 | D        | Noticed an ogre
    77 | D        | Killed an ogre
    77 | D        | Reached skill level 1 in Stealth
    77 | D        | Reached skill level 7 in Unarmed Combat
    77 | D        | Reached XP level 2. HP: 15/15 MP: 3/3
    77 | D        | Reached XP level 3. HP: 18/18 MP: 4/4
    77 | D        | Reached XP level 4. HP: 22/22 MP: 5/5
   251 | D        | Slain by an ice beast
   252 | D        | Reached XP level 3. HP: -4/18 MP: 4/4
   333 | D        | Noticed an elephant
   333 | D        | Noticed an elephant
   334 | D        | Noticed an elephant
   335 | D        | Noticed a dire elephant
   336 | D        | Noticed an elephant
   621 | D        | Noticed an orc warrior
   627 | D        | Killed an orc warrior
   627 | D        | Reached skill level 5 in Fighting
   627 | D        | Reached skill level 9 in Unarmed Combat
   627 | D        | Reached XP level 4. HP: 9/23 MP: 5/5
   629 | D        | Reached XP level 5. HP: 10/26 MP: 6/6
   633 | D        | Reached skill level 10 in Unarmed Combat
   872 | D        | Gained mutation: You are covered in thick fur. (AC +2) [Felid growth]
   872 | D        | Reached XP level 6. HP: 31/31 MP: 7/7
   892 | D        | Noticed an orc warrior
   898 | D        | Reached skill level 11 in Unarmed Combat
  1041 | D        | Killed an orc warrior
  1041 | D        | Reached skill level 5 in Stealth
  1328 | D        | Noticed an orc knight
  1328 | D        | Noticed an orc warrior
  1328 | D        | Noticed an orc warrior
  1328 | D        | Noticed an orc warrior
  1371 | D        | Killed an orc warrior
  1371 | D        | Reached skill level 12 in Unarmed Combat
  1503 | D        | Killed an orc warrior
  1503 | D        | Reached skill level 10 in Dodging
  1503 | D        | Reached XP level 7. HP: 24/35 MP: 8/8
  1625 | D        | Noticed a dire elephant
  1756 | D        | Slain by an orc knight
  1757 | D        | Reached XP level 6. HP: -4/31 MP: 7/7
  1769 | D        | Found a glowing golden altar of the Shining One.
  1769 | D        | Found a glowing silver altar of Zin.
  1769 | D        | Found a basalt altar of Yredelemnul.
  1769 | D        | Found a shimmering altar of Xom.
  1769 | D        | Found a radiant altar of Vehumet.
  1770 | D        | Found a hide-covered altar of Uskayaw.
  1771 | D        | Found a bloodstained altar of Trog.
  1772 | D        | Found a deep blue altar of Sif Muna.
  1773 | D        | Found a sacrificial altar of Ru.
  1774 | D        | Found a stormy altar of Qazlal.
  1775 | D        | Found an iron altar of Okawaru.
  1776 | D        | Found a sparkling altar of Nemelex Xobeh.
  1777 | D        | Found a burning altar of Makhleb.
  1778 | D        | Found a corrupted altar of Lugonu.
  1779 | D        | Found an ancient bone altar of Kikubaaqudgha.
  1780 | D        | Found a viscous altar of Jiyva.
  1781 | D        | Found a hazy altar of Hepliaklqana.
  1782 | D        | Found an opulent altar of Gozag.
  1783 | D        | Found a blossoming altar of Fedhas.
  1784 | D        | Found a white marble altar of Elyvilon.
  1785 | D        | Found a shadowy altar of Dithmenos.
  1786 | D        | Found a snail-covered altar of Cheibriados.
  1787 | D        | Found a roughly hewn altar of Beogh.
  1801 | D        | Killed an ice beast
  1902 | D        | Became a worshipper of Lugonu the Unformed
  1902 | D        | Reached * piety under Lugonu
  1931 | D        | Reached skill level 13 in Unarmed Combat
  1934 | D        | Reached ** piety under Lugonu
  1936 | D        | Reached XP level 7. HP: 33/35 MP: 8/8
  1979 | D        | Noticed a gargoyle
  1979 | D        | Noticed a four-headed hydra
  1979 | D        | Noticed a centaur warrior
  1981 | D        | Reached *** piety under Lugonu
  1983 | D        | Killed a centaur warrior
  1983 | D        | Reached skill level 14 in Unarmed Combat
  1983 | D        | Reached XP level 8. HP: 40/40 MP: 9/9
  2364 | D        | Reached skill level 15 in Unarmed Combat
  2398 | D        | HP: 1/40 [four-headed hydra (2)]
  2398 | D        | Slain by a four-headed hydra

Skill      XL: |  1  2  3  4  5  6  7  8 |
---------------+-------------------------+-----
Fighting       | 4 5 6 7 |  7.1
Dodging        | 6 7 8 10 11 | 11.4
Stealth        | 1 3 2 4 7 9 |  9.1
Unarmed Combat | 7 9 10 13 14 15 | 15.0

Action                   |  1- 3 |  4- 6 |  7- 9 || total
-------------------------+-------+-------+-------++-------
Melee: Unarmed           |    27 |    93 |    32 ||   152
       Bite              |     3 |     9 |     2 ||    14
       Punch             |     3 |     2 |     2 ||     7
Evoke: Wand              |       |       |     1 ||     1
  Use: Potion            |       |     2 |     1 ||     3
 Stab: Sleeping          |     2 |     1 |     2 ||     5
       Distracted        |       |     1 |       ||     1
Armor: Skin              |     1 |     2 |     1 ||     4
Dodge: Dodged            |    17 |    50 |    21 ||    88
